 Dungeon Crawl Stone Soup version 0.20-a0-984-ge8aa303 (webtiles) character file.

72 Hybris the Scratcher (level 4, -3/19 HPs)
             Began as a Felid Transmuter on Apr 10, 2017.
             Was a Follower of Nemelex Xobeh.
             Slain by MTVSty1e's ghost (10 damage)
             ... on level 3 of the Dungeon.
             The game lasted 00:06:54 (3710 turns).

Hybris the Scratcher (Felid Transmuter)             Turns: 3710, Time: 00:06:55

Health: -3/19      AC:  1    Str:  6    XL:     4   Next: 6%
Magic:  5/8        EV: 20    Int: 14    God:    Nemelex Xobeh [*.....]
Gold:   68         SH:  0    Dex: 17    Spells: 1/7 levels left
                                        Lives:  0   Deaths: 1

rFire    . . .     SeeInvis +     - Unarmed
rCold    . . .     Gourm    .   (shield unavailable)
rNeg     . . .     Faith    .   (armour unavailable)
rPois    .         Spirit   .   (helmet unavailable)
rElec    .         Reflect  .   (cloak unavailable)
rCorr    .         Harm     .   (gloves unavailable)
MR       .....                  (boots unavailable)
Stlth    ++........             (no amulet)
Regen    0.1/turn               (no ring)
MPRegen  0.2/turn               (no ring)

@: appendage (expiring), quick
A: no armour, no weapons or thrown items, stealth, claws 1, fangs 3, horns 2,
see invisible, carnivore 3, speed 1, shaggy fur 1, slow metabolism 1, sharp paws
a: End Transformation, Renounce Religion


You were on level 3 of the Dungeon.
You worshipped Nemelex Xobeh.
Nemelex Xobeh was aware of your devotion.
You were not hungry.
You had grown temporary horns.
You visited 1 branch of the dungeon, and saw 3 of its levels.

You collected 68 gold pieces.

Inventory:

Missiles
 a - 28 arrows
Wands
 f - a wand of polymorph (1/24)
Scrolls
 e - 2 scrolls of remove curse {unknown}
 i - a scroll of enchant armour {unknown}
 l - a scroll of random uselessness {unknown}
 n - 2 scrolls of teleportation {unknown}
Potions
 d - 2 potions of lignification {unknown}
 g - a potion of mutation {unknown}
 h - a potion of degeneration {unknown}
 j - a potion of berserk rage {unknown}
 k - a potion of curing {unknown}
 m - 2 potions of agility {unknown}
Books
 b - a book of Changes

   Spells                             Type                      Level
   a - Beastly Appendage              Transmutation                1
   b - Sticks to Snakes               Transmutation                2
   c - Spider Form                    Transmutation/Poison         3
   d - Ice Form                       Ice/Transmutation            4
   e - Blade Hands                    Transmutation                5
Miscellaneous
 p - a plain deck of escape
Comestibles
 c - 2 meat rations


   Skills:
 - Level 1.0 Fighting
 + Level 4.5 Dodging
 * Level 4.9 Unarmed Combat
 - Level 2.0 Spellcasting
 - Level 2.1 Transmutations
 + Level 0.0 Invocations


You had one spell level left.
You knew the following spells:

 Your Spells              Type           Power        Failure   Level  Hunger
a - Beastly Appendage     Tmut           #.....       12%         1    ##.....
b - Sticks to Snakes      Tmut           #.......     17%         2    ###....
c - Spider Form           Tmut/Pois      #.........   47%         3    ####...


Dungeon Overview and Level Annotations

Branches:
Dungeon (3/15)

Altars:
Nemelex Xobeh
Sif Muna

Annotations:
D:3 MTVSty1e's ghost, amateur FoFi


Innate Abilities, Weirdness & Mutations

You cannot wear armour.
You are incapable of wielding weapons or throwing items.
Your paws allow you to move quietly. (Stealth)
You have sharp claws.
You have razor-sharp teeth.
You have supernaturally acute eyesight. (SInv)
You are carnivorous and can eat meat at any time.
You cover ground quickly.
You are covered in fur. (AC +1)
You have a slow metabolism.
Your sharp claws are effective at attacking unaware monsters.
You have a pair of horns on your head.


Message History

MTVSty1e's ghost is lightly damaged.
MTVSty1e's ghost completely misses you.
Your adder barely misses MTVSty1e's ghost.
You scratch MTVSty1e's ghost.
MTVSty1e's ghost is lightly damaged.
Your adder bites MTVSty1e's ghost but does no damage.
MTVSty1e's ghost completely misses you.
You scratch MTVSty1e's ghost but do no damage.
MTVSty1e's ghost is lightly damaged.
Your transformation is almost over.
Your adder bites MTVSty1e's ghost.
MTVSty1e's ghost barely misses you.
A hobgoblin comes into view.
You closely miss MTVSty1e's ghost.
MTVSty1e's ghost is moderately damaged.
Your adder bites MTVSty1e's ghost but does no damage.
MTVSty1e's ghost says, "You can hit me, but you can't hurt me."
MTVSty1e's ghost hits you!
Ouch! That really hurt!
You die...
Your body disappears without a glow.

######### #.......#
#.......# #.......#
#.......## ##### ###
#........# #....
.....##S.......#####....
.....gW@................
.....######....####.....
.... ....##### #..... .
###. #..... #. #.#### ##
#.# #.# #.#


You could see MTVSty1e's ghost, a hobgoblin and a friendly adder.

Vanquished Creatures
  Jessica (D:2)
  An adder (D:3)
  4 oozes
  A dart slug (D:1)
  6 orcs (D:3)
  A ball python (D:3)
  8 bats
  3 giant cockroaches
  6 goblins
  10 hobgoblins
  7 jackals (D:1)
  11 kobolds
  A frilled lizard (D:2)
  5 rats
65 creatures vanquished.

Vanquished Creatures (collateral kills)
  An adder (D:3)
  An orc (D:3)
2 creatures vanquished.

Vanquished Creatures (others)
  3 fungi (D:3)
  8 toadstools (D:3)
11 creatures vanquished.

Grand Total: 78 creatures vanquished

Notes
Turn   | Place    | Note
-------+----------+-------------------------------------------
     0 | D:1      | Hybris the Felid Transmuter began the quest for the Orb.
     0 | D:1      | Reached XP level 1. HP: 9/9 MP: 4/4
   552 | D:1      | Reached XP level 2. HP: 6/12 MP: 4/6
   780 | D:1      | Learned a level 2 spell: Sticks to Snakes
  1368 | D:1      | Reached XP level 3. HP: 15/15 MP: 5/7
  1768 | D:1      | Learned a level 3 spell: Spider Form
  1899 | D:2      | Noticed Jessica
  2054 | D:2      | Killed Jessica
  2054 | D:2      | Reached XP level 4. HP: 19/19 MP: 8/8
  2299 | D:2      | Found a deep blue altar of Sif Muna.
  3485 | D:3      | Slain by a jelly
  3486 | D:3      | Reached XP level 3. HP: -1/15 MP: 7/7
  3590 | D:3      | Reached XP level 4. HP: 19/19 MP: 5/8
  3636 | D:3      | Found a faded altar of an unknown god.
  3665 | D:3      | Became a worshipper of Nemelex Xobeh the Trickster
  3665 | D:3      | Received a gift from Nemelex Xobeh
  3665 | D:3      | Reached * piety under Nemelex Xobeh
  3702 | D:3      | Noticed MTVSty1e's ghost (amateur FoFi)
  3710 | D:3      | Slain by MTVSty1e's ghost

Vault maps used:
D:1:      dpeg_arrival_houses_and_road, hangedman_decor_clover_reticule,
          serial_bayou_pond_b
D:2:      lemuel_blue_sif_altar, uniq_jessica
D:3:      cheibrodos_fertilizer, bloody_trog, minitemple,
          chequers_ecumenical_altar_twisty

Skill      XL: |  1  2  3 |
---------------+----------+-----
Dodging        | 3 4 |  4.5
Unarmed Combat | 4 |  4.9
Fighting       | |  1.0
Spellcasting   | |  2.0
Transmutations | |  2.1

Action                   |  1- 3 |  4- 6 || total
-------------------------+-------+-------++-------
Melee: Unarmed           |   126 |    95 ||   221
       Headbutt          |     8 |     7 ||    15
       Bite              |     9 |     6 ||    15
 Cast: Beastly Appendage |    15 |    14 ||    29
       Sticks to Snakes  |     1 |     5 ||     6
 Stab: Sleeping          |     3 |     3 ||     6
  Eat: Chunk             |    10 |     5 ||    15
Armor: Skin              |     9 |     5 ||    14
Dodge: Dodged            |   144 |    67 ||   211
